AoeStats
← kkkkkkkkkkkkkkkkk

Oasis

507296451Analyzed
2v2 RM · 13d ago on Sep 17, 2026· 36m 27s· 4 players
Game mode
Random Map
Map size
Medium (4 player)
Population
200
Speed
Normal
Resources
Standard
Victory
Conquest
Starting age
Dark Age
Ending age
Imperial Age
RankedLock teamsTeams togetherTeam positionsShared explorationLock speedFull tech treeHidden civsTurbo modeCheats
Victory
Defeat
🇱🇰 Japanese · Sri Lanka
863
+17
🇱🇰 Vietnamese · Sri Lanka
843
+19
🇷🇺 Vikings · Russia
887
-18
🇷🇺 Maya · Russia
887
-18
DonRa
7:20 Loom
10:25 Feudal Age
11:21 Double-Bit Axe
16:06 Wheelbarrow
21:45 Fletching
25:20 Castle Age
25:20 Town Watch
25:38 Scale Mail Armor
25:39 Padded Archer Armor
25:50 Forging
25:46 Crossbowman
26:35 Man-at-Arms
27:38 Bodkin Arrow
27:47 Horse Collar
28:50 Long Swordsman
29:16 Arson
29:18 Gambesons
32:28 Squires
35:23 Iron Casting
35:04 Chain Mail Armor
36:41 Heavy Plow
DinethH
11:28 Feudal Age
12:28 Double-Bit Axe
15:43 Fletching
17:09 Loom
17:10 Town Watch
18:32 Padded Archer Armor
24:24 Castle Age
22:45 Gold Mining
22:36 Horse Collar
24:52 Crossbowman
25:39 Thumb Ring
25:30 Bodkin Arrow
25:51 Leather Archer Armor
28:16 Ballistics
27:51 Stone Mining
29:14 Wheelbarrow
33:47 Bow Saw
35:38 Murder Holes
36:34 Forging
36:30 Scale Barding Armor
35:50 Light Cavalry
kkkkkkkkkkkkkkkkk
10:31 Feudal Age
14:52 Arson
14:56 Man-at-Arms
p1ton
10:27 Feudal Age
9:31 Loom
12:03 Double-Bit Axe
13:43 Gold Mining
15:10 Fletching
23:58 Castle Age
24:08 Elite Skirmisher
25:48 Bow Saw
26:53 Bodkin Arrow
31:21 Thumb Ring
33:54 Crossbowman
Connection lost

Rejoining the realm…

Still unreachable

The connection could not be restored.

Session expired

The server has moved on; the page needs a fresh start.